 Dungeon Crawl Stone Soup version 0.26.0-20-g3ca415f5b8 (webtiles) character file.

Game seed: 7772713874105218652

55 kaeus the Conjurer (level 3, -1/21 HPs)
             Began as an Octopode Conjurer on Jan 25, 2021.
             Slain by a goblin (4 damage)
             ... led by Robin
             ... on level 2 of the Dungeon.
             The game lasted 00:00:55 (1468 turns).

kaeus the Conjurer (Octopode Conjurer)              Turns: 1468, Time: 00:00:56

Health: -1/21      AC:  1    Str:  6    XL:     3   Next: 93%
Magic:  2/6        EV: 13    Int: 21    God:
Gold:   87         SH:  0    Dex: 10    Spells: 5/6 levels left

rFire    . . .     SeeInvis .   h - +0 dagger
rCold    . . .     Faith    .   (no shield)
rNeg     . . .     Spirit   .   (helmet restricted)
rPois    .         Reflect  .   (no amulet)
rElec    .         Harm     .   (no ring)
rCorr    .         Rampage  .   (no ring)
Will     .....                  (no ring)
Stlth    +++.......             (no ring)
HPRegen  0.07/turn              (no ring)
MPRegen  0.10/turn              (no ring)
                                (no ring)
                                (no ring)

@: no status effects
A: almost no armour, stealthy swim, amphibious, 8 rings, constrict 8, camouflage
1, gelatinous body 1
a: no special abilities


You were on level 2 of the Dungeon.
You visited 1 branch of the dungeon, and saw 2 of its levels.

You collected 87 gold pieces.

Inventory:

Hand Weapons
 h - a +0 dagger (weapon)
Scrolls
 d - a scroll of fog {unknown}
 j - a scroll of identify {unknown}
 k - 3 scrolls of teleportation {unknown}
 m - a scroll of remove curse {unknown}
Potions
 a - a potion of invisibility {unknown}
 b - 3 potions of lignification {unknown}
 c - a potion of flight {unknown}
 e - a potion of heal wounds {unknown}
 f - a potion of might {unknown}
 g - a potion of brilliance {unknown}
 i - a potion of curing {unknown}
 l - a potion of haste {unknown}


   Skills:
 + Level 2.4 Dodging
 * Level 4.0 Stealth
 + Level 2.3 Spellcasting
 * Level 4.5 Conjurations


You had 5 spell levels left.
You knew the following spells:

 Your Spells              Type           Power        Failure   Level
a - Magic Dart            Conj           84%          2%          1

Your spell library contained the following spells:

 Spells                   Type           Power        Failure   Level
 Searing Ray              Conj           42%          3%          2
 Dazzling Flash           Conj/Hex       22%          17%         3
 Fulminant Prism          Conj/Hex       5%           50%         4
 Iskenderun's Mystic Bla  Conj/Tloc      11%          50%         4


Dungeon Overview and Level Annotations

Branches:
Dungeon (2/15)

Altars:
Qazlal


Innate Abilities, Weirdness & Mutations

You cannot wear most types of armour.
You are very stealthy in the water. (Stealth+)
You are amphibious.
You can wear up to eight rings at the same time.
You can use your tentacles to constrict eight enemies at once.
Your skin changes colour to match your surroundings (Stealth+).
Your rubbery body absorbs attacks. (AC +1, EV +1)


Message History

There are monsters nearby!
You are too injured to fight recklessly!
There are monsters nearby!
You are too injured to fight recklessly!
There are monsters nearby!
You hit the hobgoblin.
You kill the hobgoblin!
The goblin shoots a stone.
The stone barely misses you.
You are too injured to fight recklessly!
A goblin is nearby!
You are too injured to fight recklessly!
A goblin is nearby!
You are too injured to fight recklessly!
A goblin is nearby!
The goblin no longer looks unusually strong.
The goblin unwields a +0 hunting sling.
The goblin hits you.
* * * LOW HITPOINT WARNING * * *
You take 4 damage, and have 3/21 hp.
You closely miss the goblin. Your grab misses the goblin. The goblin hits you.
You die...

........###.#.###.##
.....#...#).)...#..#
....##..###†#.#.#..#
.#..##..#.(.###..(.#
...###..#.###.###..#
.#.# #..........(..#
.#.###.####..###.#.#
.#.#...# ##.# #().#
.#.#.### #.# #@###
.#.#.# #.# #g#
.#...# #####.# #)#
##..## #..†..# #)#
##.## #.##### #..
.#.# #.# ##.
.#.#####.# .
.....##..# .#
..##.##.##


You could see a goblin.

Vanquished Creatures
  Robin (D:2)
  3 dart slugs
  A leopard gecko (D:2)
  2 giant cockroaches
  8 goblins
  4 hobgoblins
  3 kobolds
  6 bats
  2 frilled lizards
  5 rats
35 creatures vanquished.

Notes
Turn   | Place    | Note
-------+----------+-------------------------------------------
     0 | D:1      | kaeus the Octopode Conjurer began the quest for the Orb.
     0 | D:1      | Reached XP level 1. HP: 11/11 MP: 3/3
   212 | D:1      | Reached XP level 2. HP: 17/17 MP: 1/5
  1081 | D:2      | Reached XP level 3. HP: 19/21 MP: 4/6
  1143 | D:2      | Found a stormy altar of Qazlal.
  1451 | D:2      | Noticed Robin
  1463 | D:2      | Killed Robin
  1468 | D:2      | Slain by a goblin

Illustrated notes

Levels and vault maps discovered:
D:1:      co_arrival_random_square_maze, layout_basic, serial_park_tiny_2
D:2:      layout_rooms, old_standard_altar, minmay_indecisive_spiral, uniq_robin

Skill      XL: |  1  2  3 |
---------------+----------+-----
Stealth        | 3 4 |  4.0
Dodging        | |  2.4
Spellcasting   | |  2.3
Conjurations   | |  4.5

Action                   || total
-------------------------++-------
Melee: Unarmed           ||     4
       Constrict         ||     7
       Tentacles         ||     4
       Dagger            ||    23
       Club              ||     1
 Cast: Magic Dart        ||    49
Armor: Skin              ||     4
Dodge: Dodged            ||    26
